[Event "Late-Titled-Tuesday-Blitz-October-03-2023"]
[Site "Chess.com"]
[Date "2023.10.03"]
[Round "8"]
[White "dennisodessa"]
[Black "luizzy"]
[Result "1-0"]
[WhiteElo "2482"]
[BlackElo "2589"]
[TimeControl "180+1"]
[EndTime "15:23:44 PDT"]
[Termination "dennisodessa won on time"]

1. d4 Nf6 2. c4 g6 3. Nc3 d5 4. Bg5 Ne4 5. Nxe4 dxe4 6. Qd2 h6 7.
Bh4 Bg7 8. e3 c5 9. d5 Nd7 10. Ne2 Ne5 11. Nc3 Bf5 12. Be2 Qb6 13. O-O g5 14. Bg3 O-O 15. Qc2 Nd3 16. Rab1 Qg6 17.
a3 e6 18. Rbd1 exd5 19. cxd5 Rad8 20. f3 Bxc3 21. Qxc3 Rxd5 22. Bxd3 Rxd3 23. Rxd3 exd3 24. e4 Be6 25. Qxd3 Rc8 26. Be5 f6 27. Bc3 Qf7 28. Rd1 Kh7 29. Qd6 Rc6 30. Qd8 Kg7 31. Qb8 a6 32.
Rd8 b5 33. f4 Qe7 34. Rh8 Bf7 35. e5 1-0

[Event "Late-Titled-Tuesday-Blitz-October-03-2023"]
[Site "Chess.com"]
[Date "2023.10.03"]
[Round "8"]
[White "OparinGrigoriy"]
[Black "chesskov1982"]
[Result "1-0"]
[WhiteElo "3005"]
[BlackElo "2847"]
[TimeControl "180+1"]
[EndTime "15:23:46 PDT"]
[Termination "OparinGrigoriy won by resignation"]

1. d4 d5 2. Nf3 Nf6 3. c4 c6 4. Nc3 e6 5. e3 Nbd7 6. Bd3 Bd6 7.
e4 dxe4 8. Nxe4 Nxe4 9. Bxe4 Nf6 10. Bd3 h6 11. O-O b6 12. Re1 Bb7 13. Rb1 O-O 14.
b4 a5 15. a3 axb4 16. axb4 Ra7 17. c5 Be7 18. Qc2 b5 19. Bb2 Nd5 20. Bc3 Ra3 21.
Rb3 Rxb3 22. Qxb3 Qc7 23. Ne5 Bf6 24. Be4 Rd8 25. Bb2 Ne7 26. g3 Nf5 27. Rd1 g6 28. f4 Kg7 29. Kf2 h5 30. Qc2 Kg8 31. Bc3 Ne7 32.
Qb3 Nd5 33. Bb2 Ne7 34. h3 h4 35. g4 Nd5 36. Kf3 Bg7 37. g5 Ba8 38. Bc1 Bb7 39. Bd2 Ba8 40. Be1 Bb7 41. Bxh4 Nxf4 1-0

[Event "Late-Titled-Tuesday-Blitz-October-03-2023"]
[Site "Chess.com"]
[Date "2023.10.03"]
[Round "8"]
[White "SanchezKelvin"]
[Black "dretch"]
[Result "0-1"]
[WhiteElo "2585"]
[BlackElo "2847"]
[TimeControl "180+1"]
[EndTime "15:23:49 PDT"]
[Termination "dretch won by resignation"]

1. e4 e6 2. d4 d5 3. Nd2 c5 4. exd5 Qxd5 5. Ngf3 cxd4 6. Bc4 Qd6 7. O-O Nf6 8. Nb3 Nc6 9. Nbxd4 Nxd4 10. Qxd4 Qxd4 11. Nxd4 Bd7 12. c3 Rc8 13. Be2 Bc5 14. Nb3 Bb6 15.
a4 a5 16. Bf4 O-O 17. Be5 Rfd8 18. Nd4 Rc5 19. Bg3 Ne4 20. Rfd1 Nxg3 21. hxg3 Kf8 22. Kf1 Ke7 23. Nb5 Rf5 24. Bf3 g5 25. Nd4 Rf6 26. Bxb7 e5 27. Re1 Kd6 28. Nf3 g4 29. Nxe5 Rxf2+ 30. Kg1 Re2+ 31. Kf1 Rxe5 32. Rad1+ Ke6 33. Bd5+ Kf6 34.
Rxe5 Kxe5 35. Bxf7 Bb5+ 36. Ke1 Rxd1+ 37. Kxd1 Bxa4+ 38. b3 Bc6 39. Bh5 Kf5 0-1

[Event "Late-Titled-Tuesday-Blitz-October-03-2023"]
[Site "Chess.com"]
[Date "2023.10.03"]
[Round "8"]
[White "Langua_Chess"]
[Black "davigator"]
[Result "0-1"]
[WhiteElo "2469"]
[BlackElo "2328"]
[TimeControl "180+1"]
[EndTime "15:23:50 PDT"]
[Termination "davigator won on time"]

1. e4 c5 2. Nf3 Nc6 3. d4 cxd4 4. Nxd4 Nf6 5. Nc3 d6 6. Bg5 a6 7. Bc4 e6 8. O-O Be7 9. Nxc6 bxc6 10. e5 dxe5 11.
Qe2 Qc7 12. Rfe1 O-O 13. Qxe5 Bd6 14. Qe2 Bxh2+ 15. Kh1 Bf4 16. Bxf6 gxf6 17. Qh5 f5 18. g3 Be5 19. Kg2 Bg7 20. Rh1 h6 21. Ne2 c5 22. Nf4 Qb7+ 23. f3 Qxb2 24. Raf1 Qxc2+ 25.
Be2 e5 26. Rc1 Qxa2 27. Ra1 Qd2 28. Rhd1 Qb2 29. Rab1 Qa3 30. Nd5 Be6 31. Ne7+ Kh8 32. Nxf5 Qa2 33. Re1 Qc2 34. Nxg7 Kxg7 35. Rbc1 Qf5 36.
Qh4 Rfc8 37. Rh1 Qg5 38. Qh2 c4 39. Kf2 Rab8 40. f4 Qf6 41. Bf3 Rb2+ 42. Be2 exf4 43. gxf4 Bg4 44. Rce1 Re8 45. Rhg1 Rbxe2+ 46. Rxe2 Rxe2+ 47. Kg3 Rxh2 0-1

[Event "Late-Titled-Tuesday-Blitz-October-03-2023"]
[Site "Chess.com"]
[Date "2023.10.03"]
[Round "8"]
[White "Road2GM3000"]
[Black "Sjakkerntobi"]
[Result "0-1"]
[WhiteElo "2373"]
[BlackElo "2516"]
[TimeControl "180+1"]
[EndTime "15:23:52 PDT"]
[Termination "Sjakkerntobi won on time"]

1. d4 d5 2. c4 c6 3. Nc3 Nf6 4. cxd5 cxd5 5. Nf3 Nc6 6. Bf4 a6 7. e3 Bg4 8. Qb3 Na5 9. Qa4+ b5 10. Qd1 e6 11.
Bd3 Bd6 12. Bxd6 Qxd6 13. O-O O-O 14. Rc1 Rfc8 15. b3 Qa3 16. Qd2 Bxf3 17. gxf3 Qd6 18.
Nxd5 Qxd5 19. Qxa5 Qxf3 20. Qd2 Rd8 21. Qe2 Qh3 22.
Kh1 Rd5 23. Rg1 Rh5 24. Rg2 Rd8 25. Rcg1 g6 26. f3 Nd5 27. Rg4 Nxe3 28. R1g3 Qxh2+ 29. Qxh2 Rxh2+ 30. Kxh2 Nxg4+ 31. Rxg4 f5 32. Rh4 Kg7 33. Kg3 g5 34. Rh2 Rxd4 35. Bc2 Kg6 36. a4 bxa4 37.
bxa4 h5 38. Re2 h4+ 39. Kg2 Kf6 40. Bb3 Rd6 41. Rc2 g4 42. Bc4 Kg5 43. Be2 e5 44. fxg4 fxg4 45. Rc5 Kf4 46. Bxg4 Kxg4 47. Rxe5 Rd2+ 48.
Kg1 Rd4 49. a5 Ra4 50. Rd5 Ra3 0-1

[Event "Late-Titled-Tuesday-Blitz-October-03-2023"]
[Site "Chess.com"]
[Date "2023.10.03"]
[Round "8"]
[White "babero_gordo"]
[Black "Eloist"]
[Result "1-0"]
[WhiteElo "1983"]
[BlackElo "2423"]
[TimeControl "180+1"]
[EndTime "15:23:52 PDT"]
[Termination "babero_gordo won on time"]

1. e4 e6 2. d4 d5 3. e5 c5 4. c3 Qb6 5. Nf3 Bd7 6. Bd3 cxd4 7. O-O Nc6 8. Re1 Nge7 9. h4 dxc3 10. Nxc3 Nc8 11.
Ng5 h6 12. Qh5 Nd8 13. Nxd5 exd5 14. e6 Bxe6 15. Nxe6 Nxe6 16. Qxd5 Bb4 17. Bb5+ Kf8 18. Rd1 Ne7 19. Qc4 Bc5 20. Qe2 1-0

[Event "Late-Titled-Tuesday-Blitz-October-03-2023"]
[Site "Chess.com"]
[Date "2023.10.03"]
[Round "8"]
[White "lluiss"]
[Black "C_K_G"]
[Result "1-0"]
[WhiteElo "2139"]
[BlackElo "1908"]
[TimeControl "180+1"]
[EndTime "15:23:52 PDT"]
[Termination "lluiss won by resignation"]

1. Nf3 d5 2. d4 e6 3. c4 Nf6 4. cxd5 exd5 5. Nc3 b6 6. g3 Bb7 7.
Bg2 h6 8. O-O a6 9. Ne5 Bd6 10. b3 O-O 11. Bb2 Nbd7 12. Nxd7 Qxd7 13. e3 Rfe8 14. Rc1 Rad8 15. Rc2 c6 16. Qc1 Bc7 17. Ba3 a5 18. Na4 Ne4 19. Nc3 Nf6 20. Qd2 b5 21.
Bc5 Bd6 22. Bxd6 Qxd6 23. Rfc1 Re6 24. Ne2 a4 25. Nf4 Ree8 26. Nd3 axb3 27. axb3 Ra8 28. Nc5 Bc8 29. Nd3 Bd7 30. Qb4 Qb8 31. Ne5 Rxe5 32.
dxe5 Qxe5 33. Qd4 Qe7 34. Re1 Ra3 35. Qb2 Qb4 36. Rb1 Bf5 37. Rxc6 Bxb1 38. Qxb1 Rxb3 39. Rc8+ 1-0

[Event "Late-Titled-Tuesday-Blitz-October-03-2023"]
[Site "Chess.com"]
[Date "2023.10.03"]
[Round "8"]
[White "jjbolanos"]
[Black "andjela_djidjika"]
[Result "0-1"]
[WhiteElo "2044"]
[BlackElo "1979"]
[TimeControl "180+1"]
[EndTime "15:23:54 PDT"]
[Termination "andjela_djidjika won on time"]

1. e4 c5 2. c3 d5 3. exd5 Qxd5 4. d4 Nc6 5. Nf3 Bg4 6. Be2 cxd4 7. cxd4 e6 8. Nc3 Bb4 9. h3 Bh5 10. O-O Qa5 11. d5 Rd8 12. Qb3 exd5 13. Rd1 Nge7 14. a3 Bxc3 15. bxc3 Rd7 16. Bd2 O-O 17. c4 Qc7 18.
cxd5 Rxd5 19. Bc4 Nd4 20. Rdc1 Nxf3+ 21. gxf3 Rc5 22. Be3 Rc6 23. Kf1 Bxf3 24. Bxa7 Qf4 25. Be3 Qh2 26. Ke1 Rd6 0-1

[Event "Late-Titled-Tuesday-Blitz-October-03-2023"]
[Site "Chess.com"]
[Date "2023.10.03"]
[Round "8"]
[White "Firouzja2003"]
[Black "Zhigalko_Sergei"]
[Result "1-0"]
[WhiteElo "3133"]
[BlackElo "2963"]
[TimeControl "180+1"]
[EndTime "15:24:05 PDT"]
[Termination "Firouzja2003 won on time"]

1. c4 e5 2. b3 Nf6 3. Bb2 Nc6 4. Nf3 e4 5. Nd4 Bc5 6. Nf5 O-O 7. e3 d5 8. cxd5 Nb4 9. Ng3 Re8 10. Nc3 Nbxd5 11.
Nxd5 Nxd5 12. Bc4 Nf6 13. O-O Bd6 14. f4 Be6 15. Bxf6 Qxf6 16. Nxe4 Qe7 17. Ng5 Bxc4 18. Qc2 g6 19. Qxc4 Rad8 20. Rad1 Bb4 21. Nxf7 b5 22. Qxb5 Kxf7 23. Rf2 Bc5 24. Qc4+ Kg7 25. Qc3+ Kg8 26. Rdf1 Bb4 27. Qc4+ Kg7 28. f5 gxf5 29. Rxf5 Kh8 30. Rf7 Qe4 31. Rf8+ 1-0

[Event "Late-Titled-Tuesday-Blitz-October-03-2023"]
[Site "Chess.com"]
[Date "2023.10.03"]
[Round "8"]
[White "nihalsarin"]
[Black "Abund"]
[Result "1-0"]
[WhiteElo "3060"]
[BlackElo "2782"]
[TimeControl "180+1"]
[EndTime "15:24:07 PDT"]
[Termination "nihalsarin won by resignation"]

1. a3 Nf6 2. Nf3 d5 3. b4 g6 4.
Bb2 Bg7 5. e3 O-O 6. c4 c6 7. cxd5 cxd5 8. Be2 Nc6 9. O-O a6 10.
d3 Bf5 11. Nbd2 Rc8 12. Rc1 Bg4 13. Nb3 Bxf3 14. Bxf3 Qd6 15. g3 Rc7 16. Nc5 Rfc8 17. d4 Nb8 18. Nxb7 Qb6 19. Rxc7 Rxc7 20. Nc5 a5 21.
Bc3 axb4 22. axb4 Nc6 23. Qd2 Ra7 24. Rb1 Na5 25. Kg2 Nc4 26. Qe2 Ra3 27. Qe1 Qb5 28.
Ra1 Bf8 29. Rxa3 Nxa3 30. Qa1 Nc4 31. Qa4 Qb8 32. Qc6 e6 33. b5 Ne8 34. Nxe6 fxe6 35.
Qxe6+ Kg7 36. Bxd5 Nb6 37. Qf7+ Kh6 38. Qxf8+ Ng7 39.
Qxb8 1-0

[Event "Late-Titled-Tuesday-Blitz-October-03-2023"]
[Site "Chess.com"]
[Date "2023.10.03"]
[Round "8"]
[White "Arteler"]
[Black "jup1978"]
[Result "0-1"]
[WhiteElo "2613"]
[BlackElo "2520"]
[TimeControl "180+1"]
[EndTime "15:24:07 PDT"]
[Termination "jup1978 won by resignation"]

1. e4 c6 2. d4 d5 3. exd5 cxd5 4. c4 Nf6 5. Nc3 g6 6. Qb3 Bg7 7.
cxd5 O-O 8. Be2 a6 9. Bf3 Nbd7 10. Nge2 Qb6 11. O-O Qxb3 12. axb3 Nb6 13. Bf4 Bg4 14. Bxg4 Nxg4 15. d6 exd6 16. Bxd6 Rfe8 17. h3 Nf6 18.
Rfe1 Nfd5 19. Rad1 Rac8 20. Bc5 Re6 21. Nxd5 Nxd5 22.
Nc3 Nf4 23. Re3 Rd8 24. d5 Bxc3 25. bxc3 Rxe3 26. Bxe3 Rxd5 27. Rxd5 Nxd5 28. Bd4 Kf8 29. Kf1 Ke7 30. Ke2 Ke6 31. g3 f5 32. Kd3 b5 33.
c4 bxc4+ 34. bxc4 Nb4+ 35. Kc3 Nc6 36. Bh8 g5 37. Kb3 g4 38. Kc3 gxh3 39. Kb3 h2 40. Kc3 h1=Q 0-1

[Event "Late-Titled-Tuesday-Blitz-October-03-2023"]
[Site "Chess.com"]
[Date "2023.10.03"]
[Round "8"]
[White "marik_spb"]
[Black "Grossboss19"]
[Result "0-1"]
[WhiteElo "2386"]
[BlackElo "2520"]
[TimeControl "180+1"]
[EndTime "15:24:12 PDT"]
[Termination "Grossboss19 won by checkmate"]

1. d4 Nf6 2. c4 e6 3. Nf3 d5 4. g3 Be7 5. Bg2 dxc4 6. O-O O-O 7. Qc2 a6 8. a4 b5 9. axb5 Bb7 10. bxa6 Rxa6 11.
Rxa6 Bxa6 12. Na3 Bxa3 13. bxa3 Nbd7 14. Ne5 Nxe5 15. dxe5 Nd7 16. Rd1 Qe7 17. Be4 h6 18. Qc3 Nb6 19. Bc2 Rd8 20. Rd4 Rxd4 21. Qxd4 Qd7 22. Qe4 g6 23. Bxh6 Qd5 24. Qf4 Nd7 25. h4 Qxe5 26. Qf3 Qd5 27. Be4 Qd1+ 28. Kh2 Ne5 29.
Qf4 Qd6 30. h5 c3 31. hxg6 Nxg6 32. Qf6 Qe5 33. Bg7 Qxe4 34. Qxc3 Bb7 35. f3 Qxe2+ 36.
Kh3 Qxf3 37. Qxc7 Qh5# 0-1

[Event "Late-Titled-Tuesday-Blitz-October-03-2023"]
[Site "Chess.com"]
[Date "2023.10.03"]
[Round "8"]
[White "koncheto"]
[Black "GaiozNigalidze"]
[Result "1-0"]
[WhiteElo "2547"]
[BlackElo "2730"]
[TimeControl "180+1"]
[EndTime "15:24:14 PDT"]
[Termination "koncheto won by checkmate"]

1. e4 e5 2. Nf3 Nc6 3. Bc4 Nf6 4. d3 Bc5 5. c3 d6 6. O-O h6 7. Nbd2 a5 8. Bb3 Bg4 9. Re1 Qd7 10. Nf1 Ne7 11. Ng3 g6 12. h3 Be6 13. d4 exd4 14. cxd4 Bxb3 15. Qxb3 Bb6 16. e5 Nfd5 17. exd6 Qxd6 18. Ne5 a4 19. Qf3 f5 20. Nxg6 Qxg6 21. Qxd5 Qf7 22. Qxb7 Rd8 23. Qc6+ Kf8 24. Bxh6+ Kg8 25.
Rxe7 Rxh6 26. Qxh6 Qxe7 27. Nxf5 Qf8 28. Qg5+ Kh8 29.
Re1 Rd7 30. Ne7 Rxe7 31. Rxe7 Bxd4 32. Qh5+ Kg8 33. Qh7# 1-0

[Event "Late-Titled-Tuesday-Blitz-October-03-2023"]
[Site "Chess.com"]
[Date "2023.10.03"]
[Round "8"]
[White "Mikhal867"]
[Black "CraiggoryC"]
[Result "1-0"]
[WhiteElo "2455"]
[BlackElo "2275"]
[TimeControl "180+1"]
[EndTime "15:24:14 PDT"]
[Termination "Mikhal867 won by resignation"]

1. d4 e6 2. e4 d5 3. e5 c5 4. Qg4 Nc6 5. Nf3 cxd4 6. Bd3 Qc7 7. Bf4 f5 8. Qg3 Nge7 9. O-O Ng6 10. Re1 Be7 11. h4 O-O 12. h5 Nxf4 13. Qxf4 Bd7 14. a3 Be8 15. h6 Bh5 16. Nbd2 Rf7 17. Nxd4 Nxd4 18. Qxd4 gxh6 19. c4 Bc5 20. Qf4 Rg7 21. cxd5 exd5 22. Rac1 Rf8 23. b4 Rg4 24. Qxh6 Bxf2+ 25. Kxf2 Qb6+ 26. Qxb6 axb6 27. Nf3 Rf4 28. Rh1 Bxf3 29.
gxf3 Rd4 30. Ke3 Rc4 31. Bxc4 dxc4 1-0

[Event "Late-Titled-Tuesday-Blitz-October-03-2023"]
[Site "Chess.com"]
[Date "2023.10.03"]
[Round "8"]
[White "traack"]
[Black "The_Straightforward_Rook"]
[Result "1/2-1/2"]
[WhiteElo "2445"]
[BlackElo "2559"]
[TimeControl "180+1"]
[EndTime "15:24:15 PDT"]
[Termination "Game drawn by repetition"]

1. e4 e5 2. Nf3 Nc6 3. Nc3 Nf6 4. a3 d5 5. Bb5 dxe4 6. Nxe5 Bd7 7. Bxc6 bxc6 8. O-O Bd6 9. Nxd7 Qxd7 10. Qe2 O-O 11. Nxe4 Nxe4 12. Qxe4 Rae8 13. Qf3 Re6 14. g3 Rf6 15.
Qg2 h5 16. h4 Re8 17. d3 Re2 18. Bg5 Rf5 19. c4 Bc5 20. Bf4 Rxb2 21. Rab1 Rxb1 22. Rxb1 Qxd3 23. Rb8+ Kh7 24. Qxc6 Rxf4 25. gxf4 Qg3+ 26. Kh1 Qxh4+ 27. Kg2 Qxf2+ 28. Kh3 Qe3+ 29. Kg2 Qf2+ 30. Kh3 Qe3+ 31. Kg2 h4 32. Qf3 Qxf3+ 33. Kxf3 Bxa3 34. Rb7 Bd6 35. Rxa7 f5 36. c5 Bxc5 37. Rxc7 Bb4 38. Rc6 Be1 39. Re6 Bg3 40. Rc6 Be1 41. Re6 Bg3 42. Rc6 g6 43. Re6 Kg7 44. Rc6 Kf7 45. Ra6 Kg7 46. Rc6 Kf7 47. Ra6 Kg7 48. Rc6 1/2-1/2

[Event "Late-Titled-Tuesday-Blitz-October-03-2023"]
[Site "Chess.com"]
[Date "2023.10.03"]
[Round "8"]
[White "TheoSlade"]
[Black "KorolDimitriy75"]
[Result "1-0"]
[WhiteElo "2514"]
[BlackElo "2368"]
[TimeControl "180+1"]
[EndTime "15:24:15 PDT"]
[Termination "TheoSlade won on time"]

1. d4 Nf6 2. c4 c5 3. d5 b5 4.
cxb5 a6 5. e3 axb5 6. Bxb5 Qa5+ 7.
Nc3 Bb7 8. Bd2 Qb6 9. Nf3 Nxd5 10. a4 e6 11. O-O Nb4 12. e4 Be7 13. Ne5 N8c6 14. Nc4 Qc7 15. Qg4 O-O 16. Bf4 d6 17. Rad1 Rfd8 18. Qg3 e5 19. Bh6 Bf8 20. Bxc6 Bxc6 21.
b3 Kh8 22. Bg5 f6 23. Be3 Nc2 24. Nd5 Bxd5 25. Rxd5 Nd4 26. Bxd4 cxd4 27. a5 Rdb8 28. Nb6 Rxb6 29. axb6 Qxb6 30. Rb1 Ra3 31. Qd3 h6 32. Qb5 Qa7 33. h3 Kh7 34. b4 Ra1 35. Rxa1 Qxa1+ 36. Kh2 Qe1 37. f3 Qe3 38. Qf1 Qf4+ 39. Kh1 Qd2 40.
b5 Qb2 41. Qd3 h5 42. Kh2 g6 43. Qc4 1-0

[Event "Late-Titled-Tuesday-Blitz-October-03-2023"]
[Site "Chess.com"]
[Date "2023.10.03"]
[Round "8"]
[White "fyall777"]
[Black "Sanyura"]
[Result "1-0"]
[WhiteElo "2528"]
[BlackElo "2653"]
[TimeControl "180+1"]
[EndTime "15:24:17 PDT"]
[Termination "fyall777 won on time"]

1. e4 c5 2. c3 e6 3. d4 d5 4.
exd5 exd5 5. Bb5+ Nc6 6. Nf3 Bd6 7. O-O Ne7 8. Bg5 O-O 9. dxc5 Bxc5 10. Nbd2 Qd6 11.
Nb3 Bb6 12. Bh4 Nf5 13. Bd3 Nxh4 14. Nxh4 Ne5 15. Bf5 Qf6 16. Bxc8 Qxh4 17. g3 Qf6 18. Bxb7 Rad8 19. Kg2 Rd7 20. Ba6 d4 21. cxd4 Bxd4 22.
Bb5 Rd5 23. Nxd4 Rfd8 24. Qe2 Rxd4 25. Rad1 g6 26. Rxd4 Rxd4 27. Rd1 Rb4 28. b3 Rxb5 29. Qxb5 Qf3+ 30. Kh3 Qg4+ 31. Kg2 Qf3+ 32. Kh3 Ng4 33. Rd8+ Kg7 34. Qg5 Nxf2+ 35. Kh4 h6 36. Qe5+ 1-0

[Event "Late-Titled-Tuesday-Blitz-October-03-2023"]
[Site "Chess.com"]
[Date "2023.10.03"]
[Round "8"]
[White "vanyakuba"]
[Black "Metadast"]
[Result "0-1"]
[WhiteElo "2370"]
[BlackElo "2532"]
[TimeControl "180+1"]
[EndTime "15:24:17 PDT"]
[Termination "Metadast won by resignation"]

1. e4 e6 2. d4 d5 3. exd5 exd5 4.
Nf3 Nf6 5. c4 Bb4+ 6. Nc3 O-O 7.
Bd3 Re8+ 8. Be3 Nc6 9. O-O Bg4 10.
h3 Bh5 11. a3 Bd6 12. cxd5 Ne7 13. Bg5 Bg6 14. Bxf6 gxf6 15. Re1 Kh8 16. Bxg6 hxg6 17. Qd3 Qd7 18. Re2 Nf5 19. Rae1 Rxe2 20. Qxe2 Kg7 21. Qe4 Ne7 22. h4 Rh8 23. g3 a6 24. Kg2 Rh5 25.
Nd2 f5 26. Qf3 f4 27. Nc4 fxg3 28. fxg3 Nf5 29. Ne5 Qd8 30. Rf1 f6 31. Ng4 Bxg3 32. Qe4 Rxh4 33. Qe6 Rxg4 34. Ne4 Be5+ 35. Kh3 Rh4+ 36.
Kg2 Rxe4 0-1

[Event "Late-Titled-Tuesday-Blitz-October-03-2023"]
[Site "Chess.com"]
[Date "2023.10.03"]
[Round "8"]
[White "Garmendiarov"]
[Black "Lion_DL"]
[Result "1/2-1/2"]
[WhiteElo "2331"]
[BlackElo "2479"]
[TimeControl "180+1"]
[EndTime "15:24:17 PDT"]
[Termination "Game drawn - insufficient material"]

1. d4 Nf6 2. Bf4 d5 3. e3 c5 4.
Nd2 cxd4 5. exd4 a6 6. Ngf3 Bf5 7.
c3 Nc6 8. Be2 e6 9. O-O Bd6 10.
Bxd6 Qxd6 11. Re1 h6 12. Ne5 O-O 13. Ndf3 Ne4 14. Bd3 f6 15. Nxc6 bxc6 16. c4 a5 17. c5 Qf4 18. Qc1 Qc7 19. Nd2 Nxd2 20. Qxd2 Bxd3 21.
Qxd3 e5 22. Qg3 Rae8 23. Re2 Qb8 24. Rae1 exd4 25. Qd3 Rxe2 26. Rxe2 Re8 27. g3 Kf7 28. Rxe8 Qxe8 29. Qxd4 Qe1+ 30. Kg2 Qe4+ 31. Qxe4 dxe4 32. f3 f5 33. fxe4 fxe4 34. Kf2 Ke6 35. Ke3 Kd5 36. g4 a4 37. b4 axb3 38. axb3 Kxc5 39. Kxe4 Kb4 40.
Kd4 Kxb3 41. Kc5 Kc3 42. Kxc6 Kd4 43. Kd6 Ke4 44. Ke6 Kf4 45. Kf7 g5 46. Kg6 Kxg4 47. Kxh6 Kh4 48. h3 g4 49. hxg4 Kxg4 1/2-1/2

[Event "Late-Titled-Tuesday-Blitz-October-03-2023"]
[Site "Chess.com"]
[Date "2023.10.03"]
[Round "8"]
[White "Saraisitave"]
[Black "NovikovaGalina"]
[Result "1-0"]
[WhiteElo "2292"]
[BlackElo "2413"]
[TimeControl "180+1"]
[EndTime "15:24:18 PDT"]
[Termination "Saraisitave won by checkmate"]

1. e4 e5 2. d4 exd4 3. Qxd4 Nc6 4.
Qe3 Nf6 5. Nc3 Bb4 6. Bd2 d6 7. O-O-O Be6 8. f4 a6 9. f5 Bd7 10. g4 Qe7 11. g5 Bxc3 12. Bxc3 Nxe4 13. Bxg7 Rg8 14. f6 Qe6 15. Bh3 Qe5 16. Nf3 Qa5 17. Qxe4+ Kd8 18. Bxd7 Kxd7 19. Qg4+ Kd8 20. a3 b5 21. c3 Qb6 22. Rhe1 a5 23. Ne5 Nxe5 24. Rxe5 b4 25. Re7 Qc6 26. Qe4 Qxe4 27. Rxe4 bxa3 28.
bxa3 Kd7 29. Re7+ Kc6 30. Rxf7 Rab8 31. Kc2 a4 32. Rb1 Rbe8 33. Re7 Rd8 34. Rb4 d5 35.
Rxa4 Kd6 36. Ra7 Rc8 37. h4 c5 38. Ra6+ Rc6 39. Re6+ Kxe6 40. Rxc6+ Kf7 41. Rxc5 Ra8 42.
Rxd5 Rxa3 43. h5 Ra2+ 44. Kd3 Rg2 45. Rd7+ Ke6 46. Re7+ Kf5 47. Bh6 Rg3+ 48. Re3 Rg1 49. f7 Kg4 50. f8=Q Rd1+ 51. Ke2 Rd7 52. Qc8 Kh4 53. Re4+ Kxh5 54. Qxd7 Kg6 55. Qe8+ Kf5 56. Qe6# 1-0

[Event "Late-Titled-Tuesday-Blitz-October-03-2023"]
[Site "Chess.com"]
[Date "2023.10.03"]
[Round "8"]
[White "remi04"]
[Black "SaqoChess_Twitch"]
[Result "0-1"]
[WhiteElo "2843"]
[BlackElo "2665"]
[TimeControl "180+1"]
[EndTime "15:24:19 PDT"]
[Termination "SaqoChess_Twitch won by resignation"]

1. e4 c5 2. Nf3 d6 3. d4 cxd4 4.
Nxd4 Nf6 5. Nc3 g6 6. Be3 Bg7 7. f3 O-O 8. Qd2 Nc6 9. g4 Nxd4 10. Bxd4 Be6 11. h4 Qa5 12. h5 Rab8 13. a3 Rfc8 14.
hxg6 hxg6 15. Bh3 b5 16. g5 Nh5 17. Bxg7 Kxg7 18. Qd4+ Kg8 19. Bxe6 fxe6 20. Qb4 Qb6 21. O-O-O Rc4 22. Qb3 Qe3+ 23. Kb1 a6 24. a4 Qc5 25. axb5 axb5 26. Ne2 Rc8 27. c3 Ra8 28. Nd4 Kf7 29.
Qxb5 Rxd4 30. Qb7 Rxd1+ 31. Rxd1 Qa7 32. Qb5 Qa1+ 33. Kc2 Qa4+ 34. Qxa4 Rxa4 35. b4 Ra8 36.
Kb3 Ke8 37. b5 Kd7 38. Kb4 Nf4 39. c4 e5 40. c5 Ne6 41. c6+ Kc7 42. Rh1 Nxg5 43.
Rh6 Nxf3 44. Rxg6 Nd4 45. Rg7 Re8 46. Ka5 Ne6 47. Rh7 Nc5 48. Rg7 Nxe4 49. Rh7 Nc5 50.
Kb4 Kb6 51. Kc4 e6 52. Rc7 0-1

[Event "Late-Titled-Tuesday-Blitz-October-03-2023"]
[Site "Chess.com"]
[Date "2023.10.03"]
[Round "8"]
[White "aistrel"]
[Black "KNVB"]
[Result "1-0"]
[WhiteElo "2555"]
[BlackElo "2686"]
[TimeControl "180+1"]
[EndTime "15:24:20 PDT"]
[Termination "aistrel won by checkmate"]

1. d4 Nf6 2. Nc3 d5 3. Bf4 a6 4. e3 e6 5. g4 c5 6. g5 Nfd7 7. h4 Nc6 8. a3 b5 9. h5 Bb7 10. Nf3 Nb6 11. Bd3 c4 12. Be2 Bd6 13. b4 cxb3 14.
cxb3 b4 15. axb4 Bxb4 16. Rc1 Rc8 17. Kf1 Ba3 18. Rb1 Bd6 19. Qd2 Nb4 20. Kg2 Qc7 21.
Rhc1 Qb8 22. Na4 Rxc1 23. Qxc1 Bxf4 24. exf4 Nxa4 25. bxa4 a5 26. Bb5+ Ke7 27. Qc5+ Qd6 28. Qa7 Rb8 29. Qxa5 Nc6 30. Bxc6 Qxc6 31. Ne5 Qd6 32.
Qa7 f6 33. Rxb7+ Rxb7 34. Qxb7+ Ke8 35. Nc6 Kf8 36. a5 Qxf4 37. Qe7+ Kg8 38. Qe8# 1-0

[Event "Late-Titled-Tuesday-Blitz-October-03-2023"]
[Site "Chess.com"]
[Date "2023.10.03"]
[Round "8"]
[White "Haykoooo0o"]
[Black "bazar-wokzal"]
[Result "0-1"]
[WhiteElo "2447"]
[BlackElo "2581"]
[TimeControl "180+1"]
[EndTime "15:24:21 PDT"]
[Termination "bazar-wokzal won by resignation"]

1. d4 Nf6 2. Nf3 e6 3. e3 c5 4. Bd3 b6 5. c3 Bb7 6. Nbd2 Be7 7. O-O d6 8. Qe2 Nbd7 9. e4 Qc7 10. e5 dxe5 11. dxe5 Nd5 12. Ne4 Nxe5 13. Nxe5 Qxe5 14. f4 Qc7 15. f5 exf5 16. Bb5+ Bc6 17. Ng5 O-O 18.
Bxc6 Qxc6 19. c4 Bxg5 20. cxd5 Qg6 21. Bxg5 Qxg5 22. Rad1 Rad8 23. d6 Rd7 24. Qe5 g6 25.
Rfe1 Rfd8 26. a3 Qh6 27. Qe7 Qf8 28. Qxf8+ Kxf8 29. b4 cxb4 30. axb4 Rxd6 31. Ra1 R8d7 32. Ra6 Rd4 33. Rea1 Rd1+ 34. Rxd1 Rxd1+ 35. Kf2 Rd7 36. Ke3 Ke7 37. Kf4 Kd6 38. Kg5 h5 39. Kf6 Kc6 40. Ra2 Kb5 41. Rb2 f4 42. h4 Kc4 43.
Rf2 Kxb4 44. Rxf4+ Kc5 45. Kg7 b5 46. g4 hxg4 47.
Rxf7 Rxf7+ 48. Kxf7 g3 49. Kxg6 g2 0-1

[Event "Late-Titled-Tuesday-Blitz-October-03-2023"]
[Site "Chess.com"]
[Date "2023.10.03"]
[Round "8"]
[White "LeninGuerra"]
[Black "Iball95"]
[Result "0-1"]
[WhiteElo "2589"]
[BlackElo "2772"]
[TimeControl "180+1"]
[EndTime "15:24:22 PDT"]
[Termination "Iball95 won by resignation"]

1. e4 c5 2. Nf3 e6 3. b4 d5 4. exd5 exd5 5. bxc5 Bxc5 6. Bd3 Nf6 7. O-O O-O 8. Bb2 Bg4 9. h3 Bh5 10. Be2 Nc6 11.
Ne1 Bxe2 12. Qxe2 Re8 13. Qd1 Ne4 14. Nd3 Bb6 15. Nc3 Qg5 16. Qg4 Qxg4 17. hxg4 Rad8 18. Rad1 Nd4 19. Nxe4 Ne2+ 20. Kh2 dxe4 21. Nc1 Nf4 22.
g3 Nd5 23. Kg2 Rc8 24. c3 h6 25. Ne2 Nf6 26. f3 exf3+ 27. Kxf3 Rc4 28. Nf4 g5 29. Nh5 Nxg4 30. Rfe1 Re6 31. d4 Rxe1 32. Rxe1 f5 33. Re7 Rc7 34. Re6 Kf7 35. d5 Rc4 36.
Re2 Bc7 37. Ng7 Kxg7 38. Re7+ Kf6 39. Rh7 Kg6 40. Rd7 Ne5+ 41. Ke3 Nxd7 0-1

[Event "Late-Titled-Tuesday-Blitz-October-03-2023"]
[Site "Chess.com"]
[Date "2023.10.03"]
[Round "8"]
[White "ljuks68"]
[Black "hellokostya"]
[Result "0-1"]
[WhiteElo "2382"]
[BlackElo "2542"]
[TimeControl "180+1"]
[EndTime "15:24:23 PDT"]
[Termination "hellokostya won on time"]

1. e4 c5 2. Nf3 Nc6 3. d4 cxd4 4. Nxd4 Nf6 5. Nc3 e5 6. Ndb5 d6 7. Nd5 Nxd5 8. exd5 Ne7 9. c3 Nf5 10. a4 Be7 11. Bd3 O-O 12. O-O a6 13. Na3 Bg5 14. Nc4 Bxc1 15. Rxc1 b5 16. axb5 axb5 17. Ne3 Nxe3 18.
fxe3 Qg5 19. Qe2 Bd7 20. Ra1 h5 21. Kh1 h4 22. h3 Rxa1 23. Rxa1 Qg3 24. Qe1 f5 25.
Qxg3 hxg3 26. Ra7 f4 27. exf4 Bf5 28. Bf1 exf4 29. Bxb5 Be4 30. Ra1 g5 31. c4 Kg7 32.
Re1 Bd3 33. Kg1 Rc8 34. b3 Ra8 35. Re7+ Kf6 0-1

[Event "Late-Titled-Tuesday-Blitz-October-03-2023"]
[Site "Chess.com"]
[Date "2023.10.03"]
[Round "8"]
[White "Cambek64"]
[Black "nitpicker"]
[Result "1-0"]
[WhiteElo "2452"]
[BlackElo "2248"]
[TimeControl "180+1"]
[EndTime "15:24:23 PDT"]
[Termination "Cambek64 won on time"]

1. d4 Nf6 2. c4 e6 3. Nf3 b6 4. g3 c6 5. Bg2 Bb4+ 6. Nbd2 Be7 7. O-O d5 8. b3 O-O 9. Bb2 Bb7 10. Ne5 Nfd7 11. Nd3 Na6 12. e4 Nc7 13. cxd5 cxd5 14. e5 Ba6 15. Nf3 Rc8 16. h4 Nb5 17. Qd2 h6 18. a4 Nc7 19. Nh2 Nb8 20. f4 f5 21.
exf6 Bxf6 22. Ng4 Nc6 23. Nxf6+ Qxf6 24. Rf2 Qg6 25. Nb4 Nxb4 26. Qxb4 Qxg3 27. Qd6 Qxh4 28.
Rc1 Qd8 29. Qe5 Qd7 30. Bh3 Rf6 31. Rfc2 Ne8 32. Ba3 Rxc2 33. Rxc2 Qf7 34. Bc1 Bd3 35. Rc8 Bf5 36. Bf1 Rg6+ 37. Kf2 Qe7 38. Ke2 Kh7 39. Qb8 Qh4 40. Rxe8 Qh2+ 41. Ke1 1-0